 Dungeon Crawl Stone Soup version 0.28.0-43-g3370ac3207 (webtiles) character file.

Game seed: 14652132771006037749

50 crimpus the Cutter (level 3, -2/24 HPs)
             Began as a Tengu Berserker on Mar 11, 2022.
             Was a Believer of Trog.
             Slain by a gnoll
             ... wielding a +0 halberd
              (11 damage)
             ... on level 2 of the Dungeon.
             The game lasted 00:02:26 (2101 turns).

crimpus the Cutter (Tengu Berserker)                Turns: 2101, Time: 00:02:27

Health: -2/24      AC:  4    Str: 17    XL:     3   Next: 79%
Magic:  4/4        EV:  9    Int:  7    God:    Trog [**....]
Gold:   26         SH:  0    Dex: 15    Spells: 2/2 levels left

rFire   . . .      SeeInvis .   c - +2 dagger (drain)
rCold   . . .      Faith    .   (no shield)
rNeg    . . .      Spirit   .   d - +0 leather armour
rPois   .          Reflect  .   f - +1 hat
rElec   .          Harm     .   (no cloak)
rCorr   .          Rampage  .   (no gloves)
Will    .....                   (boots unavailable)
Stlth   +.........              (no amulet)
HPRegen 0.08/turn               (no ring)
MPRegen 0.09/turn               (no ring)

@: lethally poisoned (-2 -> -8), constricted
A: beak, talons 3
a: Renounce Religion, Berserk, Trog's Hand


You were on level 2 of the Dungeon.
You worshipped Trog.
Trog was pleased with you.
You visited 1 branch of the dungeon, and saw 2 of its levels.

You collected 26 gold pieces.

Inventory:

Hand Weapons
 a - a +0 short sword
 c - a +2 dagger of draining (weapon)
Armour
 d - a +0 leather armour (worn)
 f - a +1 hat (worn)
Scrolls
 e - a scroll of amnesia {unknown}
Potions
 b - a potion of curing {unknown}


   Skills:
 + Level 3.7 Fighting
 + Level 4.0 Short Blades
 + Level 2.5 Armour
 + Level 2.4 Dodging
 + Level 0.2 Stealth


You had 2 spell levels left.
You didn't know any spells.
Your spell library was empty.

Dungeon Overview and Level Annotations

Branches:
Dungeon (2/15)

Altars:


Innate Abilities, Weirdness & Mutations

You have a beak for a mouth.
You have claws for feet.


Message History

The gnoll hits you from afar with a +0 halberd!
Ouch! That really hurt!
* * * LOW HITPOINT WARNING * * *
The gnoll barely misses you.
The hobgoblin shouts!
You climb upwards.
There is a stone staircase leading down here.
You hit the ball python. You drain the ball python.
You kill the ball python!
Trog accepts your kill.
You start resting.
You start resting.
HP restored.
You start waiting.
Done waiting.
You start waiting.
Done waiting.
You climb downwards.
The hobgoblin barely misses you. The ball python bites you.
The ball python grabs you. The ball python constricts you.
The ball python bites you. The hobgoblin hits you. The ball python bites you.
The ball python constricts you.
There is a stone staircase leading up, spattered with blood here.
Unknown command.
You escape the ball python's grasp.
The ball python closely misses you. The ball python grabs you.
You stop ascending the stairs.
The ball python constricts you. The gnoll closely misses you.
A kobold comes into view. It is wielding a +0 dagger.
The adder bites you.
You are poisoned.
The adder poisons you!
The hobgoblin hits you but does no damage.
The ball python bites you. The ball python constricts you.
You can't go down here!
You escape the ball python's grasp.
You feel sick.
The kobold shouts!
The ball python closely misses you. The ball python grabs you.
You stop ascending the stairs.
The ball python constricts you.
The gnoll hits you from afar with a +0 halberd!
You die...

. #..#?..# ...
#.<..#
....####....# #
..<........##.#
......).......#
#....l.)g.......
.....###g.....##
..... #.SJ......
.... #@#.##.###.
......gSS......
.......#.Sg....
....#.. .#....K
#?. ##. ###..##
.. ## .... . ##.


You could see 3 gnolls, an adder, an endoplasm, a hobgoblin, 3 ball pythons and
a kobold.

Vanquished Creatures
  A gnoll (D:2)
  3 bats (D:1)
  3 endoplasms (D:1)
  3 giant cockroaches (D:1)
  8 goblins
  3 hobgoblins (D:1)
  A quokka (D:1)
  3 ball pythons (D:1)
  4 frilled lizards (D:1)
  3 kobolds (D:1)
  4 rats (D:1)
36 creatures vanquished.

Notes
Turn   | Place    | Note
-------+----------+-------------------------------------------
     0 | D:1      | crimpus the Tengu Berserker began the quest for the Orb.
     0 | D:1      | Reached XP level 1. HP: 14/14 MP: 2/2
   338 | D:1      | Reached XP level 2. HP: 19/19 MP: 3/3
   734 | D:1      | Reached XP level 3. HP: 20/23 MP: 4/4
   740 | D:1      | Reached ** piety under Trog
  1149 | D:2      | Reached skill level 4 in Short Blades
  2101 | D:2      | Slain by a gnoll

Illustrated notes

Levels and vault maps discovered:
D:1:      giann_bridges, layout_basic, corexii_corridor_pit
D:2:      layout_rooms, nicolae_ecumenical_snake_handling,
          chequers_serial_rivers_room_b, uniq_sigmund

Skill      XL: |  1  2  3 |
---------------+----------+-----
Short Blades   | 4 |  4.0
Fighting       | |  3.7
Armour         | |  2.5
Dodging        | |  2.4
Stealth        | |  0.2

Action                   || total
-------------------------++-------
Melee: Short sword       ||    11
       Kick              ||    19
       Peck              ||     3
       Dagger            ||    62
Invok: Berserk           ||     1
 Stab: Sleeping          ||     1
Armor: Leather armour    ||    16
       Animal skin       ||     1
Dodge: Dodged            ||    50
